 Dungeon Crawl Stone Soup version 0.29.0-7-g18a832c13a (webtiles) character file.

Game seed: 17009877350690135010

3119 p0werm0de the Fighter (level 9, 0/53 HPs)
             Began as a Gargoyle Chaos Knight on Aug 30, 2022.
             Was an Initiate of Okawaru.
             Slain by a centaur warrior (4 damage)
             ... on level 8 of the Dungeon.
             The game lasted 00:05:38 (5055 turns).

p0werm0de the Fighter (Gargoyle Chaos Knight)       Turns: 5055, Time: 00:05:38

Health: 0/53       AC: 14    Str: 16    XL:     9   Next: 91%
Magic:  9/9        EV:  5    Int: 13    God:    Okawaru [......]
Gold:   235        SH:  4    Dex:  9    Spells: 7/8 levels left

rFire   . . .      SeeInvis +   e - +3 dire flail (freeze)
rCold   + . .      Faith    .   (shield currently unavailable)
rNeg    + . .      Spirit   .   d - +0 plate armour
rPois   ∞          Reflect  .   (helmet restricted)
rElec   +          Harm     .   (no cloak)
rCorr   +          Rampage  .   (no gloves)
Will    +....                   (no boots)
Stlth   ..........              h - amulet of regeneration
HPRegen 0.97/turn               i - ring of see invisible
MPRegen 0.11/turn               k - ring of resist corrosion

@: flying
A: sickness immunity, AC +6, negative energy resistance 1, electricity
resistance, torment resistance 1, petrification resistance, big wings, horns 1,
large bone plates 1, cold resistance 1, deformed body, frail 1, strong-willed 1,
sense surroundings 1, weak 2
a: Renounce Religion


You were on level 8 of the Dungeon.
You worshipped Okawaru.
Okawaru was noncommittal.
You visited 2 branches of the dungeon, and saw 9 of its levels.

You collected 385 gold pieces.
You spent 150 gold pieces at shops.

Inventory:

Hand Weapons
 a - a +0 hand axe of chaos
 e - a +3 dire flail of freezing (weapon)
   (You took it off a wight on level 7 of the Dungeon)
 q - a +0 dire flail
   (You took it off an orc warrior on level 7 of the Dungeon)
 r - a +1 vampiric hand axe
   (You took it off a wight on level 7 of the Dungeon)
 y - a +3 hand axe
   (You took it off an orc on level 6 of the Dungeon)
Missiles
 s - a throwing net
Armour
 b - a +2 leather armour
 d - a +0 plate armour (worn)
   (You took it off an orc warrior on level 7 of the Dungeon)
 l - a +0 helmet
   (You found it on level 6 of the Dungeon)
 C - a +1 robe of the Archmagi
   (You took it off a wight on level 7 of the Dungeon)
Jewellery
 h - an amulet of regeneration (around neck)
   (You found it on level 1 of the Dungeon)
 i - a ring of see invisible (left hand)
   (You found it on level 1 of the Dungeon)
 j - a ring of flight
   (You found it on level 1 of the Dungeon)
 k - a ring of resist corrosion (right hand)
   (You found it on level 3 of the Dungeon)
Wands
 v - a wand of digging (3)
   (You found it on level 7 of the Dungeon)
 B - a wand of polymorph (10)
   (You found it on level 6 of the Dungeon)
Scrolls
 f - 3 scrolls of fog {unknown}
 g - 2 scrolls of brand weapon {unknown}
 o - 4 scrolls of enchant armour
 p - a scroll of noise {unknown}
 t - a scroll of vulnerability {unknown}
 u - 3 scrolls of magic mapping
Potions
 m - a potion of flight {unknown}
 n - 3 potions of resistance
 x - a potion of cancellation
 z - a potion of magic
 A - a potion of mutation
 D - a potion of might {unknown}
 E - a potion of brilliance {unknown}
Miscellaneous
 c - a piece from Xom's chessboard (10/15) (quivered)


   Skills:
 * Level 8.1 Fighting
 * Level 6.7 Axes
 * Level 7.6 Armour
 - Level 0.7 Dodging
 * Level 6.0 Evocations


You had 7 spell levels left.
You knew the following spells:

 Your Spells              Type           Power      Damage    Failure   Level
d - Apportation           Tloc           0%         N/A       100%        1

Your spell library contained the following spells:

 Spells                   Type           Power      Damage    Failure   Level
 Slow                     Hex            0%         N/A       100%        1
 Poisonous Vapours        Pois/Air       0%         N/A       100%        2
 Confusing Touch          Hex            0%         N/A       100%        3
 Gell's Gravitas          Tloc           0%         N/A       100%        3
 Lesser Beckoning         Tloc           0%         N/A       100%        3
 Teleport Other           Tloc           0%         N/A       100%        3
 Vampiric Draining        Necr           0%         2d6       100%        3
 Corpse Rot               Necr/Pois/Air  0%         N/A       100%        4


Dungeon Overview and Level Annotations

Branches:
Dungeon (8/15)             Temple (1/1) D:5
   Lair: D:8-11

Altars:
Ashenzari
Cheibriados
Dithmenos
Elyvilon
Fedhas
Gozag
Kikubaaqudgha
Makhleb
Nemelex Xobeh
Okawaru
Ru
Sif Muna
Trog
Uskayaw
Vehumet
Xom
Zin
The Shining One

Shops:
D:1 =   D:2 !   D:6 *

Annotations:
D:3 1 runed translucent door, Crazy Yiuf
D:4 2 transporters, Arcadio's ghost, weakling MiBe


Innate Abilities, Weirdness & Mutations

You are immune to sickness and miasma.
Your stone body is resilient. (AC +6)
You are immune to poison.
You resist negative energy. (rN+)
You are resistant to electric shocks. (rElec)
You are resistant to unholy torment.
You are immune to petrification.
Your large and strong wings let you fly.
You have a pair of small horns on your head.
You are partially covered in large bone plates. (SH +4)
Your flesh is cold resistant. (rC+)
Armour fits poorly on your strangely shaped body.
You are frail. (-10% HP)
You are strong-willed. (Will+)
You passively map a small area around you.
You are very weak. (Str -4)


Message History

You are too injured to fight recklessly!
You are too injured to fight recklessly!
A centaur warrior is nearby!
You are too injured to fight recklessly!
You feel much better.
The unseen horror hits you but does no damage.
You hit the centaur warrior. You freeze the centaur warrior.
You headbutt the centaur warrior, but do no damage.
The centaur warrior is lightly wounded.
You block the unseen horror's attack. The unseen horror closely misses you.
The centaur warrior unwields a +0 shortbow of freezing.
The centaur warrior hits you! The centaur warrior kicks you.
The unseen horror hits you.
Okay, then.
Okay, then.
You puncture the centaur warrior! You freeze the centaur warrior.
The centaur warrior is moderately wounded.
The unseen horror hits you but does no damage.
The centaur warrior hits you.
* * * LOW HITPOINT WARNING * * *
The centaur warrior kicks you but does no damage.
The centaur warrior hits you.
* * * LOW HITPOINT WARNING * * *
The centaur warrior kicks you but does no damage.
You puncture the centaur warrior! You freeze the centaur warrior.
Your headbutt misses the centaur warrior.
The centaur warrior is heavily wounded.
The unseen horror hits you but does no damage.
The unseen horror hits you!
* * * LOW HITPOINT WARNING * * *
The centaur warrior hits you.
* * * LOW HITPOINT WARNING * * *
The centaur warrior kicks you but does no damage.
The centaur warrior barely misses you.
The centaur warrior kicks you but does no damage.
Drinking this now will have no effect.
It was a potion of magic.
Magic courses through your body.
The unseen horror hits you but does no damage. x2
The centaur warrior hits you.
You die...

*, , #..#* * , , , ,
,#..# * * ** **..# * ,
,, , ..# * ** _ * * *
#.# , ,, , * ## ##.#*
* * * #.##..#
##x...############
*#@##†.............
*#..c###...###########
#.##. *#...#, , , # *
$# ##..# * # , * ## *
#..# * # , #..# * * #
, , #... ,, # , ,,
#... * * ,# * * *
#####


You could see a centaur warrior and an unseen horror (invisible).

Vanquished Creatures
  A glowing orange brain (shapeshifter) (D:4)
  A troll (D:8)
  A spriggan (shapeshifter) (D:6)
  A wyvern (D:8)
  A water moccasin (D:6)
  An ice beast (D:6)
  An orc warrior (D:7)
  A sky beast (D:8)
  2 centaurs
  A lemure (D:6)
  2 phantoms (D:6)
  3 necrophages
  A gnoll sergeant (D:6)
  3 scorpions
  A bullfrog (D:7)
  5 wights (D:7)
  A killer bee (D:6)
  A howler monkey (D:8)
  A hound (D:6)
  A jelly (D:3)
  An orc priest (D:6)
  Natasha (thrice) (D:3)
  An iguana (D:7)
  2 orc wizards
  3 gnolls (D:6)
  9 adders
  An ufetubus (D:4)
  2 worms
  3 dart slugs
  7 orcs
  2 bats (D:3)
  6 endoplasms
  6 goblins
  4 hobgoblins
  2 jackals (D:4)
  4 quokkas
  4 ball pythons
  6 frilled lizards
  2 kobolds
  6 rats
104 creatures vanquished.

Vanquished Creatures (collateral kills)
  An ogre (D:5)
1 creature vanquished.

Vanquished Creatures (others)
  8 plants (D:8)
8 creatures vanquished.

Grand Total: 113 creatures vanquished

Notes
Turn   | Place    | Note
-------+----------+-------------------------------------------
     0 | D:1      | p0werm0de the Gargoyle Chaos Knight began the quest for the
                  | Orb.
     0 | D:1      | Reached XP level 1. HP: 14/14 MP: 1/1
    10 | D:1      | XOM: silly message
   263 | D:1      | Reached XP level 2. HP: 14/19 MP: 2/2
   491 | D:1      | Found Maem's Jewellery Shop.
   997 | D:2      | Reached XP level 3. HP: 23/23 MP: 3/3
  1019 | D:2      | Found Gekk's Distillery.
  1020 | D:2      | Found a faded altar of an unknown god.
  1029 | D:2      | XOM: silly message
  1032 | D:2      | Reached skill level 1 in Evocations
  1033 | D:2      | Bought a potion of heal wounds for 60 gold pieces
  1043 | D:2      | Got Plato's Almanac of Translocation
  1049 | D:2      | Learned a level 1 spell: Apportation
  1222 | D:3      | Found an opulent altar of Gozag.
  1245 | D:3      | Found a broken altar of Ashenzari.
  1306 | D:3      | Reached XP level 4. HP: 29/29 MP: 4/4
  1311 | D:3      | XOM: silly message
  1392 | D:3      | Found a runed translucent door.
  1393 | D:3      | Noticed Crazy Yiuf
  1423 | D:3      | Noticed Natasha
  1432 | D:3      | Killed Natasha
  1433 | D:3      | Reached skill level 4 in Fighting
  1533 | D:3      | Found a shimmering blue altar of Sif Muna.
  1565 | D:3      | Found a glowing golden altar of the Shining One.
  1720 | D:3      | Reached XP level 5. HP: 26/33 MP: 5/5
  1722 | D:3      | Noticed Natasha
  1733 | D:3      | Killed Natasha
  1803 | D:3      | Noticed Natasha
  1806 | D:3      | XOM: divination: detect items
  1813 | D:3      | XOM: potion effect (haste)
  1814 | D:3      | Killed Natasha
  2071 | D:4      | Noticed a shapeshifter
  2071 | D:4      | an adder changed into a shapeshifter
  2071 | D:4      | Noticed a glowing orange brain
  2071 | D:4      | a shapeshifter changed into a glowing orange brain
  2076 | D:4      | XOM: potion effect (might)
  2078 | D:4      | XOM: silly message
  2080 | D:4      | XOM: potion effect (invisibility)
  2090 | D:4      | Killed a glowing orange brain
  2091 | D:4      | Reached skill level 5 in Fighting
  2091 | D:4      | Reached XP level 6. HP: 40/40 MP: 6/6
  2091 | D:4      | Reached XP level 7. HP: 44/44 MP: 7/7
  2121 | D:4      | XOM: stat loss: -1 Int (11/12)
  2140 | D:4      | Found a transporter.
  2140 | D:4      | Noticed Arcadio's ghost (weakling MiBe)
  2154 | D:4      | Found a transporter.
  2178 | D:4      | Found a bloodstained altar of Trog.
  2198 | D:4      | XOM: silly message
  2547 | D:5      | Entered Level 5 of the Dungeon
  2563 | D:5      | Reached skill level 5 in Armour
  2611 | D:5      | Reached XP level 8. HP: 42/51 MP: 8/8
  2621 | D:5      | Found a shadowy altar of Dithmenos.
  2686 | D:5      | Reached skill level 6 in Fighting
  2721 | D:5      | Reached skill level 5 in Axes
  2808 | D:5      | XOM: draining
  2986 | D:5      | Found a staircase to the Ecumenical Temple.
  3000 | Temple   | XOM: stealth player
  3000 | Temple   | Entered the Ecumenical Temple
  3002 | Temple   | XOM: 4-stop teleportation journey
  3128 | D:5      | XOM: give mutations
  3128 | D:5      | Gained mutation: You are weak. (Str -2) [Xom's mischief]
  3128 | D:5      | Gained mutation: You have a pair of small horns on your
                  | head. [Xom's mischief]
  3128 | D:5      | Gained mutation: You are frail. (-10% HP) [Xom's mischief]
  3216 | D:6      | XOM: summons 5 hostile demons
  3217 | D:6      | Noticed a soul eater
  3218 | D:6      | XOM: smoke on damage
  3273 | D:6      | Noticed Grinder
  3277 | D:6      | Noticed Grinder
  3277 | D:6      | Grinder changed into Grinder the lemure
  3277 | D:6      | XOM: polymorph Grinder -> Grinder the lemure
  3283 | D:6      | XOM: confusion
  3295 | D:6      | XOM: smoke on damage
  3296 | D:6      | Killed Grinder the lemure
  3365 | D:6      | XOM: god gift: glowing bronze wand {god gift}
  3540 | D:6      | XOM: polymorph hound -> killer bee
  3549 | D:6      | Found Tapigy's CLEARANCE SALE!.
  3553 | D:6      | Bought a potion of resistance for 50 gold pieces
  3553 | D:6      | Bought a potion of mutation for 40 gold pieces
  3688 | D:6      | Reached skill level 7 in Fighting
  3688 | D:6      | Reached XP level 9. HP: 42/51 MP: 9/9
  3712 | D:6      | Reached skill level 5 in Evocations
  3784 | D:6      | HP: 1/51 [gnoll sergeant/+0 trident (3)]
  3867 | D:6      | XOM: polymorph gnoll -> shapeshifter
  3872 | D:6      | XOM: smoke on damage
  3960 | D:6      | XOM: give mutations
  3960 | D:6      | Gained mutation: Your flesh is cold resistant. (rC+) [Xom's
                  | mischief]
  3960 | D:6      | Gained mutation: Armour fits poorly on your strangely
                  | shaped body. [Xom's mischief]
  3960 | D:6      | Gained mutation: You are very weak. (Str -4) [Xom's
                  | mischief]
  4197 | D:6      | XOM: god gift: 41 gold pieces
  4359 | D:7      | XOM: give mutations
  4359 | D:7      | Gained mutation: You passively map a small area around you.
                  | [Xom's grace]
  4359 | D:7      | Gained mutation: You are strong-willed. (Will+) [Xom's
                  | grace]
  4359 | D:7      | Gained mutation: Your large and strong wings let you fly.
                  | [Xom's grace]
  4359 | D:7      | Gained mutation: You are partially covered in large bone
                  | plates. (SH +4) [Xom's grace]
  4473 | D:7      | Noticed a red ugly thing
  4547 | D:7      | Found an iron altar of Okawaru.
  4553 | D:7      | Fell from the grace of Xom
  4553 | D:7      | Became a worshipper of Warmaster Okawaru
  4725 | D:8      | Noticed a troll
  4807 | D:8      | Killed a troll
  4808 | D:8      | Reached skill level 8 in Fighting
  4957 | D:8      | Found a sacrificial altar of Ru.
  5040 | D:8      | Noticed an unseen horror
  5048 | D:8      | Noticed a centaur warrior
  5055 | D:8      | Slain by a centaur warrior

Illustrated notes

Levels and vault maps discovered:
D:1:      matt_arrival_spirals, layout_loops_corners, serial_shops, shop_statue
D:2:      layout_basic, serial_shops, shop, shapermc_ecumenical_altar_rom_forum,
          st_stairs_12, skrybe_limestone_x
D:3:      layout_loops_ring, nicolae_sif_muna_little_library, tso_metal_star,
          mainiacjoe_overflow_concentric_impassable, grunt_gozag_statues,
          minmay_mini_jars, uniq_natasha, uniq_crazy_yiuf_cottage
D:4:      layout_loops_ring, nicolae_overflow_crystal_walls,
          gammafunk_ghost_arena
D:5:      layout_rooms, mainiacjoe_overflow_alcove_1,
          minmay_temple_entry_nine_rooms
D:6:      layout_loops_ring, nicolae_shop_clearance, uniq_grinder
D:7:      hellmonk_destroyed_diamonds, layout_basic, old_standard_altar,
          serial_shops, shop
D:8:      minmay_cornered_nines, layout_basic, mainiacjoe_overflow_boulevard,
          mainiacjoe_overflow_cross_hatched, lemuel_crystal_altar,
          corexii_corridor_pit
Temple:   jpeg_temple_alley_garden

Skill      XL: |  1  2  3  4  5  6  7  8  9 |
---------------+----------------------------+-----
Axes           | 3 4 5 6 |  6.7
Evocations     | 1 3 4 6 |  6.0
Armour         | 3 4 5 6 7 |  7.6
Fighting       | 4 5 7 8 |  8.1
Dodging        | |  0.7

Action                   |  1- 3 |  4- 6 |  7- 9 || total
-------------------------+-------+-------+-------++-------
Melee: Hand axe          |    74 |    65 |   308 ||   447
       Punch             |     1 |     1 |     5 ||     7
       Headbutt          |       |       |    40 ||    40
       Dire flail        |       |       |    30 ||    30
Evoke: Piece from Xom's  |       |       |     5 ||     5
       Wand              |       |       |     4 ||     4
  Use: Scroll            |       |     3 |     8 ||    11
       Potion            |       |     1 |     9 ||    10
 Stab: Petrifying        |       |       |     1 ||     1
       Petrified         |       |       |     2 ||     2
       Paralysed         |       |       |     3 ||     3
Armor: Leather armour    |    30 |    16 |   139 ||   185
       Plate armour      |       |       |    42 ||    42
Dodge: Dodged            |    39 |    35 |   190 ||   264
Block: Other             |       |       |     8 ||     8
